 Dungeon Crawl Stone Soup version 0.18-a0-1507-g69458e0 (webtiles) character file.

859 Kilingo the Vandal (level 8, -8/52 HPs)
             Began as an Octopode Transmuter on Mar 3, 2016.
             Shot with an arrow by a centaur (17 damage)
             ... on level 6 of the Dungeon on Mar 6, 2016.
             The game lasted 01:10:10 (4908 turns).

Kilingo the Vandal (Octopode Transmuter)            Turns: 4908, Time: 01:10:10

Health: -8/52      AC:  1    Str: 12    XL:     8   Next: 2%
Magic:  13/13      EV: 13    Int: 15    God:
Gold:   17         SH:  0    Dex: 12    Spells: 3 memorised, 7 levels left

rFire  . . .     SeeInvis .       - Unarmed
rCold  . . .     Gourm    .     (no shield)
rNeg   . . .     Faith    .     e - +0 hat
rPois  +         Spirit   .     (no amulet)
rElec  .         Dismiss  .     c - ring of protection from magic
rCorr  .         Reflect  .     l - ring of poison resistance
SustAt .         Harm     .     (no ring)
MR     +....                    (no ring)
Stlth  ++........               (no ring)
                                (no ring)
                                (no ring)
                                (no ring)

@: confused, somewhat resistant to hostile enchantments, unstealthy
A: almost no armour, amphibious, 8 rings, constrict 8, camouflage 1, gelatinous
body 1
a: no special abilities


You were on level 6 of the Dungeon.
You were not hungry.

You visited 2 branches of the dungeon, and saw 7 of its levels.
You also visited: Sewer.

You collected 73 gold pieces.
You spent 56 gold pieces at shops.

Inventory:

Hand Weapons
 a - a +0 greatsling
 j - a +2 whip of draining
Missiles
 m - 27 arrows
 o - 16 sling bullets
Armour
 e - a +0 hat (worn)
Jewellery
 c - a ring of protection from magic (left tentacle)
 l - a ring of poison resistance (right tentacle)
 n - a +4 ring of evasion {unknown}
Scrolls
 d - a scroll of teleportation
 g - a scroll of immolation
 h - a scroll of remove curse {unknown}
 p - a scroll of noise {unknown}
 t - a scroll of enchant weapon {unknown}
Potions
 k - 2 potions of lignification
 r - a potion of agility {unknown}
 u - a potion of curing {unknown}
 v - a potion of haste {unknown}
 w - a potion of brilliance {unknown}
 x - a potion of heal wounds {unknown}
 z - 2 potions of flight
Books
 b - a book of Changes

   Spells                             Type                      Level
   a - Beastly Appendage              Transmutation                1
   b - Sticks to Snakes               Transmutation                2
   c - Spider Form                    Transmutation/Poison         3
   d - Ice Form                       Ice/Transmutation            4
   e - Blade Hands                    Transmutation                5
Comestibles
 f - a slice of pizza


   Skills:
 - Level 3.4 Fighting
 - Level 4.1(4.2) Slings
 - Level 1.1(2.8) Throwing
 + Level 3.1 Dodging
 - Level 3.7 Stealth
 - Level 3.5 Unarmed Combat
 - Level 3.3 Spellcasting
 - Level 3.2 Transmutations
 - Level 3.3 Poison Magic


You had 7 spell levels left.
You knew the following spells:

 Your Spells              Type           Power        Failure   Level  Hunger
a - Beastly Appendage     Trmt           ##....       6%          1    None
b - Sticks to Snakes      Trmt           ##......     10%         2    ##.....
c - Spider Form           Trmt/Pois      ##........   17%         3    ###....


Dungeon Overview and Level Annotations

Branches:
Dungeon (6/15)             Temple (1/1) D:4

Altars:
Ashenzari
Cheibriados
Dithmenos
Elyvilon
Gozag
Kikubaaqudgha
Makhleb
Nemelex Xobeh
Pakellas
Sif Muna
Trog
Vehumet
Yredelemnul
Zin
The Shining One

Shops:
D:4 [?[=[


Innate Abilities, Weirdness & Mutations

You cannot wear most types of armour.
You are amphibious.
You can wear up to eight rings at the same time.
You can use your tentacles to constrict eight enemies at once.
Your skin changes colour to match your surroundings (Stealth).
Your rubbery body absorbs attacks (AC +1).


Message History

You feel less woody.
Your +0 hat unmelds from your body.
m - 27 arrows (gained 1)
You start resting.
Magic restored.
You start resting.
The centaur shouts!
The centaur wields a shortbow.
The centaur shoots an arrow.
The arrow barely misses you.
You aren't carrying any items that can be evoked.
The centaur shoots an arrow.
The arrow hits you!
* * * LOW HITPOINT WARNING * * *
You see here an arrow.
Drink which item? (? for menu, Esc to quit)
It was a potion of ambrosia.
You are confused.
You feel invigorated.
The centaur shoots an arrow.
The arrow closely misses you.
You bump into the rock wall.
The centaur shoots an arrow.
The arrow hits you!
You die...

##########
#.)......# #
#.##c.##.#
###.#.#..#..#
.......<.#@.#
...........>#
....#.#.##.##
.#c #.#......
.. ......(###
. ## ######


You could see a centaur.

Vanquished Creatures
  Sigmund (D:2)
  An ice beast (D:6)
  2 ogres (D:4)
  A centaur (D:6)
  A big kobold (Sewer)
  Crazy Yiuf (D:2)
  2 worker ants (D:4)
  A howler monkey zombie (D:5)
  Robin (D:3)
  11 adders
  A worm (D:4)
  2 dart slugs (D:1)
  5 giant geckos
  4 orcs (D:3)
  A ball python (D:1)
  8 bats
  6 giant cockroaches
  12 goblins
  12 hobgoblins
  2 jackals (Sewer)
  9 kobolds
  2 quokkas
  3 giant newts
  A quokka skeleton (D:4)
  15 rats
105 creatures vanquished.

Vanquished Creatures (collateral kills)
  A giant frog (D:3)
  2 goblins (D:3)
  A kobold (D:3)
  A bat (D:3)
5 creatures vanquished.

Grand Total: 110 creatures vanquished

Notes
Turn   | Place    | Note
--------------------------------------------------------------
     0 | D:1      | Kilingo the Octopode Transmuter began the quest for the Orb.
     0 | D:1      | Reached XP level 1. HP: 13/13 MP: 3/3
   109 | D:1      | Reached skill level 1 in Stealth
   150 | D:1      | Reached XP level 2. HP: 18/18 MP: 5/5
   170 | D:1      | Learned a level 2 spell: Sticks to Snakes
   389 | D:1      | Reached XP level 3. HP: 21/24 MP: 2/6
  1093 | D:2      | Noticed Sigmund
  1096 | D:2      | Reached skill level 1 in Slings
  1200 | D:1      | Upgraded the game from 0.18-a0-1481-g708b138 to 0.18-a0-1507-g69458e0
  1429 | D:2      | Killed Sigmund
  1429 | D:2      | Reached skill level 4 in Slings
  1429 | D:2      | Reached XP level 4. HP: 18/29 MP: 0/7
  1429 | D:2      | Reached XP level 5. HP: 21/34 MP: 0/8
  1667 | D:2      | Found a faded altar to an unknown god.
  1769 | D:2      | Noticed Crazy Yiuf
  1785 | D:2      | Killed Crazy Yiuf
  1785 | D:2      | Reached XP level 6. HP: 24/41 MP: 7/9
  2112 | D:3      | Found a burning altar of Makhleb.
  2224 | D:3      | Noticed Robin
  2523 | D:3      | Killed Robin
  2644 | D:3      | Learned a level 3 spell: Spider Form
  3337 | D:4      | Found Nefadea's Armour Boutique.
  3389 | D:4      | Reached skill level 1 in Throwing
  3394 | D:4      | Found Kual's Magic Scroll Boutique.
  3400 | D:4      | Bought a scroll of identify for 28 gold pieces
  3436 | D:4      | Reached XP level 7. HP: 39/46 MP: 6/11
  3601 | D:4      | Found a glowing drain.
  3605 | Sewer    | Entered a sewer
  3797 | Sewer    | Found a white marble altar of Elyvilon.
  3973 | D:4      | Bought a scroll of identify for 28 gold pieces
  4050 | D:4      | Found a staircase to the Ecumenical Temple.
  4056 | Temple   | Entered the Ecumenical Temple
  4496 | D:4      | Found Cuotimus's Armour Boutique.
  4661 | D:4      | Found Siof Sic's Jewellery Boutique.
  4683 | D:4      | Found Hivioschu's Armour Shop.
  4720 | D:5      | Entered Level 5 of the Dungeon
  4750 | D:5      | Found an opulent altar of Gozag.
  4750 | D:5      | Found a sparkling altar of Nemelex Xobeh.
  4849 | D:6      | HP: 2/69 [ice beast (5)]
  4854 | D:6      | HP: 2/69 [centaur (1)]
  4856 | D:6      | Reached XP level 8. HP: 2/52 MP: 11/13
  4906 | D:6      | HP: 1/52 [centaur/arrow (9)]
  4908 | D:6      | Shot with an arrow by a centaur

Vault maps used:
D:1:      lemuel_arrival_tunnels, serial_bayou_crossing
D:2:      ecumenical_altar_2, uniq_crazy_yiuf_cottage, uniq_sigmund
D:3:      first_bread, bloody_makhleb, uniq_robin
D:4:      minmay_temple_entry_enclosed_plants, serial_shops,
          kennysheep_mini_moat, shop, shop, nicolae_shop_waterfront,
          nicolae_shop_waterfront, gup_sewer_entry_bowl
D:5:      grunt_temple_overflow_opulence, nicolae_overflow_hidden_temple,
          okawaru_altar_gauntlet_db
D:6:      uniq_edmund
Temple:   dpeg_five_rooms_temple_12
Sewer:    sewer_kobolds

Skill      XL: |  1  2  3  4  5  6  7 |
---------------+----------------------+-----
Stealth        | 1 2 3 |  3.7
Fighting       | 2 3 |  3.4
Slings         | 4 |  4.1
Throwing       | 1 |  1.1
Dodging        | 3 |  3.1
Spellcasting   | 3 |  3.3
Poison Magic   | 3 |  3.3
Transmutations | 3 |  3.2
Unarmed Combat | |  3.5

Action                   |  1- 3 |  4- 6 |  7- 9 || total
-------------------------+-------+-------+-------++-------
Melee: Unarmed           |    63 |    91 |    50 ||   204
 Fire: Greatsling        |     4 |    45 |    19 ||    68
 Cast: Beastly Appendage |    23 |    24 |     9 ||    56
       Sticks to Snakes  |     8 |    10 |     6 ||    24
  Use: Scroll            |       |     4 |     2 ||     6
       Potion            |       |       |     2 ||     2
 Stab: Sleeping          |     8 |    11 |     9 ||    28
       Distracted        |       |     1 |     1 ||     2
  Eat: Chunk             |     1 |     4 |     1 ||     6
       Bread ration      |     1 |       |     1 ||     2
       Fruit             |       |       |     4 ||     4
